[ AOE2 MATCH · #467014435 ]
UnrankedMagyars vs None
Player's team · LOSS
Rival team · WIN
[ REPLAY ANALYSIS · EXTRACTED FROM THE RECORDED GAME ]
Feudal
—
Castle
—
Imperial
—
| APM avg | 31.1 |
| APM peak | 62 |
| eAPM avg | 20.8 |
| Villagers / military | 0 / 1616 |
Focus
⚔️ 91.0% · 🌾 9.0%
Knight ×884 · Cavalry Archer ×732
Feudal
—
Castle
—
Imperial
—
| APM avg | 43.9 |
| APM peak | 97 |
| eAPM avg | 30.0 |
| Villagers / military | 0 / 1173 |
Focus
⚔️ 97.1% · 🌾 2.9%
Knight ×942 · Cavalry Archer ×156 · Battering Ram ×75
Feudal
—
Castle
—
Imperial
—
| APM avg | 10.6 |
| APM peak | 31 |
| eAPM avg | 9.3 |
| Villagers / military | 0 / 790 |
Focus
⚔️ 94.8% · 🌾 5.2%
Militia ×462 · Spearman ×161 · Warrior Priest ×141 · Archer ×20 · Skirmisher ×6
Feudal
—
Castle
—
Imperial
—
| APM avg | 31.6 |
| APM peak | 76 |
| eAPM avg | 13.4 |
| Villagers / military | 0 / 1106 |
Focus
⚔️ 90.1% · 🌾 9.9%
Archer ×884 · Knight ×222
Feudal
—
Castle
—
Imperial
—
| APM avg | 59.8 |
| APM peak | 111 |
| eAPM avg | 42.8 |
| Villagers / military | 0 / 1073 |
Focus
⚔️ 75.1% · 🌾 24.9%
Knight ×762 · Skirmisher ×172 · Archer ×136 · Scout Cavalry ×3
Feudal
—
Castle
—
Imperial
—
| APM avg | 24.8 |
| APM peak | 71 |
| eAPM avg | 7.1 |
| Villagers / military | 0 / 379 |
Focus
⚔️ 86.1% · 🌾 13.9%
Archer ×348 · Spearman ×31
Feudal
—
Castle
—
Imperial
—
| APM avg | 39.0 |
| APM peak | 114 |
| eAPM avg | 29.6 |
| Villagers / military | 0 / 910 |
Focus
⚔️ 97.2% · 🌾 2.8%
Cavalry Archer ×436 · Hand Cannoneer ×222 · Spearman ×132 · Knight ×72 · Fire Lancer ×48
Feudal
—
Castle
—
Imperial
—
| APM avg | 34.0 |
| APM peak | 98 |
| eAPM avg | 16.7 |
| Villagers / military | 0 / 1133 |
Focus
⚔️ 88.3% · 🌾 11.7%
Knight ×1133
Match map
Initial resources + every placement click. Lines = walls · curves = elevation contours. ◆ gold · ⬟ stone · ● berries · ✦ relic · ◌ wall gap
Your base· Open
Zorack's base· Open
Sendrom's base· ✓ Map-separated
veysipak's base· Open
Emperor Dan's base· ✓ Map-separated
Snaags's base· Open
DeMeNtE_'s base· Open
Polluelin's base· Open
Smoothed initial terrain · ◌ = detected wall gap · hover for details
Inputs per minute
— StarL0902 - - Zorack
Build order — StarL0902
First 150 of 435 actions detected
| 5:01 | Build | Stable |
| 5:04 | Build | Stable |
| 5:07 | Build | Stable |
| 5:12 | Build | Archery Range |
| 5:55 | Research | Bloodlines |
| 6:18 | Research | Husbandry |
| 6:21 | Research | Corvinian Army |
| 6:27 | Create | Knight |
| 6:27 | Create | Knight |
| 6:28 | Create | Knight ×5 |
| 6:28 | Create | Knight ×5 |
| 6:29 | Create | Knight ×5 |
| 6:29 | Create | Knight ×5 |
| 6:30 | Create | Knight ×5 |
| 6:30 | Create | Knight |
| 6:54 | Build | Archery Range |
| 6:55 | Build | Archery Range |
| 6:56 | Build | Archery Range |
| 6:58 | Build | Archery Range |
| 7:02 | Build | Archery Range |
| 7:04 | Build | Archery Range |
| 7:05 | Build | Archery Range |
| 7:08 | Build | Archery Range |
| 7:13 | Build | Stable |
| 7:15 | Build | Stable |
| 7:17 | Build | Stable |
| 7:20 | Build | Stable |
| 7:48 | Create | Knight |
| 7:48 | Create | Knight |
| 7:49 | Create | Knight ×5 |
| 7:50 | Create | Knight ×5 |
| 7:50 | Create | Knight ×5 |
| 7:50 | Create | Knight ×5 |
| 7:57 | Research | Chain Barding Armor |
| 7:59 | Research | Leather Archer Armor |
| 7:59 | Research | Bodkin Arrow |
| 8:02 | Create | Knight ×2 |
| 8:22 | Research | Thumb Ring |
| 8:24 | Research | Elite Skirmisher (upgrade) |
| 8:25 | Research | Crossbowman (upgrade) |
| 8:30 | Create | Cavalry Archer ×5 |
| 8:31 | Create | Cavalry Archer ×5 |
| 8:31 | Create | Cavalry Archer ×5 |
| 8:31 | Create | Cavalry Archer ×5 |
| 8:32 | Create | Cavalry Archer ×5 |
| 8:33 | Create | Cavalry Archer ×2 |
| 8:33 | Create | Cavalry Archer ×2 |
| 8:40 | Create | Knight ×3 |
| 8:49 | Research | Treadmill Crane |
| 8:51 | Research | Ballistics |
| 8:51 | Research | Guard Tower (upgrade) |
| 9:23 | Create | Cavalry Archer ×5 |
| 9:24 | Create | Cavalry Archer ×5 |
| 9:24 | Create | Cavalry Archer ×5 |
| 9:24 | Create | Cavalry Archer ×5 |
| 9:25 | Create | Cavalry Archer ×5 |
| 9:26 | Create | Cavalry Archer ×5 |
| 9:26 | Create | Cavalry Archer ×5 |
| 9:28 | Create | Knight ×5 |
| 9:29 | Create | Knight |
| 9:29 | Create | Knight |
| 9:55 | Create | Knight ×5 |
| 9:55 | Create | Knight ×5 |
| 9:56 | Create | Knight ×5 |
| 9:56 | Create | Knight ×5 |
| 9:58 | Create | Knight |
| 10:02 | Create | Cavalry Archer ×5 |
| 10:03 | Create | Cavalry Archer ×5 |
| 10:03 | Create | Cavalry Archer ×5 |
| 10:03 | Create | Cavalry Archer ×5 |
| 10:57 | Create | Cavalry Archer ×5 |
| 10:57 | Create | Cavalry Archer ×5 |
| 10:58 | Create | Cavalry Archer ×5 |
| 10:58 | Create | Cavalry Archer ×5 |
| 10:59 | Create | Cavalry Archer ×5 |
| 11:00 | Create | Cavalry Archer ×5 |
| 11:00 | Create | Cavalry Archer ×5 |
| 11:00 | Create | Cavalry Archer ×2 |
| 11:01 | Create | Cavalry Archer |
| 11:01 | Create | Cavalry Archer |
| 11:03 | Create | Cavalry Archer |
| 11:03 | Create | Cavalry Archer ×2 |
| 11:06 | Create | Knight ×5 |
| 11:06 | Create | Knight ×3 |
| 11:38 | Create | Knight ×5 |
| 11:38 | Create | Knight ×5 |
| 11:38 | Create | Knight ×5 |
| 11:39 | Create | Knight ×5 |
| 11:44 | Create | Knight |
| 11:49 | Create | Knight |
| 11:49 | Create | Knight |
| 11:53 | Create | Cavalry Archer ×5 |
| 11:54 | Create | Cavalry Archer ×5 |
| 11:54 | Create | Cavalry Archer ×5 |
| 11:55 | Create | Cavalry Archer ×5 |
| 11:55 | Create | Cavalry Archer ×5 |
| 12:16 | Create | Cavalry Archer ×5 |
| 12:25 | Create | Cavalry Archer ×3 |
| 12:31 | Create | Knight ×5 |
| 12:32 | Create | Knight ×5 |
| 12:32 | Create | Knight ×5 |
| 12:32 | Create | Knight ×5 |
| 12:33 | Create | Knight ×3 |
| 12:44 | Build | Archery Range |
| 12:46 | Build | Archery Range |
| 12:49 | Build | Archery Range |
| 13:07 | Build | Stable |
| 13:09 | Build | Stable |
| 13:13 | Build | Stable |
| 13:15 | Build | Stable |
| 13:17 | Build | Stable |
| 13:19 | Build | Stable |
| 13:21 | Build | Stable |
| 13:24 | Build | Stable |
| 14:16 | Create | Knight ×5 |
| 14:16 | Create | Knight ×5 |
| 14:17 | Create | Knight ×5 |
| 14:17 | Create | Knight ×5 |
| 14:17 | Create | Knight ×5 |
| 14:18 | Create | Knight ×5 |
| 14:18 | Create | Knight ×4 |
| 14:18 | Create | Knight ×4 |
| 14:19 | Create | Knight |
| 14:24 | Create | Cavalry Archer ×5 |
| 14:24 | Create | Cavalry Archer ×5 |
| 14:25 | Create | Cavalry Archer ×5 |
| 14:25 | Create | Cavalry Archer ×5 |
| 14:25 | Create | Cavalry Archer ×5 |
| 14:26 | Create | Cavalry Archer ×5 |
| 14:27 | Create | Cavalry Archer ×5 |
| 14:27 | Create | Cavalry Archer ×5 |
| 14:28 | Create | Cavalry Archer ×5 |
| 14:28 | Create | Cavalry Archer ×5 |
| 14:56 | Create | Cavalry Archer ×5 |
| 14:56 | Create | Cavalry Archer ×5 |
| 14:57 | Create | Cavalry Archer ×5 |
| 14:57 | Create | Cavalry Archer ×5 |
| 14:58 | Create | Cavalry Archer ×2 |
| 15:03 | Create | Knight ×5 |
| 15:03 | Create | Knight ×5 |
| 15:03 | Create | Knight ×5 |
| 15:04 | Create | Knight ×5 |
| 15:04 | Create | Knight ×5 |
| 15:09 | Create | Knight |
| 15:11 | Create | Cavalry Archer ×5 |
| 15:12 | Create | Cavalry Archer ×5 |
| 15:23 | Create | Knight ×5 |
| 15:23 | Create | Knight ×5 |
| 15:24 | Create | Knight ×5 |
| 15:24 | Create | Knight |
Build order — Zorack
First 150 of 344 actions detected
| 9:34 | Build | Stable |
| 9:35 | Build | Stable |
| 9:36 | Build | Stable |
| 9:37 | Build | Stable |
| 9:39 | Build | Archery Range |
| 9:58 | Build | Archery Range |
| 10:00 | Build | Archery Range |
| 10:01 | Build | Archery Range |
| 10:02 | Build | Archery Range |
| 10:07 | Build | Stable |
| 11:00 | Research | Bloodlines |
| 11:08 | Build | Stable |
| 11:10 | Build | Stable |
| 11:11 | Build | Stable |
| 11:13 | Build | Stable |
| 11:15 | Build | Stable |
| 11:15 | Build | Stable |
| 11:16 | Build | Stable |
| 11:18 | Build | Stable |
| 11:19 | Build | Stable |
| 19:58 | Build | Stable |
| 19:59 | Build | Stable |
| 20:00 | Build | Stable |
| 20:02 | Build | Stable |
| 20:07 | Research | Chain Barding Armor |
| 20:11 | Research | Bodkin Arrow |
| 20:11 | Research | Iron Casting |
| 20:12 | Research | Chain Mail Armor |
| 20:12 | Research | Leather Archer Armor |
| 20:14 | Research | Treadmill Crane |
| 20:15 | Research | Ballistics |
| 20:16 | Research | Guard Tower (upgrade) |
| 20:19 | Research | Husbandry |
| 20:20 | Research | Husbandry |
| 20:20 | Create | Knight ×5 |
| 20:20 | Create | Knight ×5 |
| 20:20 | Create | Knight ×5 |
| 20:21 | Create | Knight ×5 |
| 20:21 | Create | Knight ×5 |
| 20:21 | Create | Knight ×5 |
| 20:21 | Create | Knight ×5 |
| 20:21 | Create | Knight ×5 |
| 20:22 | Create | Knight ×5 |
| 20:22 | Create | Knight ×5 |
| 20:23 | Create | Cavalry Archer ×5 |
| 20:24 | Create | Cavalry Archer ×5 |
| 20:24 | Create | Cavalry Archer ×5 |
| 20:24 | Create | Cavalry Archer ×5 |
| 20:24 | Create | Cavalry Archer ×5 |
| 20:24 | Create | Cavalry Archer ×5 |
| 20:25 | Create | Cavalry Archer ×5 |
| 21:12 | Create | Cavalry Archer ×5 |
| 21:12 | Create | Cavalry Archer ×5 |
| 21:13 | Create | Cavalry Archer ×5 |
| 21:13 | Create | Cavalry Archer ×5 |
| 21:36 | Create | Cavalry Archer ×5 |
| 21:37 | Create | Cavalry Archer ×5 |
| 21:37 | Create | Cavalry Archer ×5 |
| 22:05 | Build | Stable |
| 22:29 | Build | Archery Range |
| 22:32 | Build | Archery Range |
| 22:34 | Build | Archery Range |
| 22:36 | Build | Stable |
| 23:07 | Create | Knight ×5 |
| 23:08 | Create | Knight ×5 |
| 23:08 | Create | Knight ×5 |
| 23:08 | Create | Knight ×5 |
| 23:08 | Create | Knight ×5 |
| 23:10 | Create | Knight ×5 |
| 23:10 | Create | Knight ×5 |
| 23:11 | Create | Knight ×5 |
| 23:11 | Create | Knight ×5 |
| 23:17 | Build | Stable |
| 23:18 | Build | Stable |
| 23:20 | Build | Stable |
| 23:21 | Build | Stable |
| 23:23 | Build | Stable |
| 23:24 | Build | Stable |
| 23:25 | Build | Stable |
| 23:28 | Create | Cavalry Archer |
| 23:28 | Create | Cavalry Archer ×5 |
| 23:28 | Create | Cavalry Archer ×5 |
| 24:27 | Create | Knight ×5 |
| 24:27 | Create | Knight ×5 |
| 24:27 | Create | Knight ×5 |
| 24:27 | Create | Knight ×5 |
| 24:27 | Create | Knight ×5 |
| 24:28 | Create | Knight ×5 |
| 24:28 | Create | Knight ×5 |
| 24:28 | Create | Knight ×5 |
| 24:29 | Create | Knight |
| 24:29 | Create | Knight ×5 |
| 24:29 | Create | Knight ×5 |
| 24:29 | Create | Knight ×5 |
| 24:30 | Create | Knight ×5 |
| 24:30 | Create | Knight ×5 |
| 24:30 | Create | Knight ×5 |
| 24:30 | Create | Knight ×5 |
| 24:30 | Create | Knight ×5 |
| 24:31 | Create | Knight ×5 |
| 24:32 | Create | Cavalry Archer ×5 |
| 24:32 | Create | Cavalry Archer ×5 |
| 24:33 | Create | Cavalry Archer ×5 |
| 24:33 | Create | Cavalry Archer ×5 |
| 24:37 | Build | Stable |
| 24:38 | Build | Stable |
| 24:39 | Build | Stable |
| 25:30 | Build | Stable |
| 25:31 | Build | Stable |
| 25:32 | Build | Stable |
| 25:33 | Build | Stable |
| 25:34 | Build | Stable |
| 25:39 | Create | Knight ×5 |
| 25:40 | Create | Knight ×5 |
| 25:40 | Create | Knight ×5 |
| 25:40 | Create | Knight ×5 |
| 25:40 | Create | Knight ×5 |
| 25:41 | Create | Knight ×5 |
| 25:41 | Create | Knight ×5 |
| 25:41 | Create | Knight ×5 |
| 25:41 | Create | Knight ×5 |
| 25:41 | Create | Knight ×5 |
| 25:42 | Create | Knight |
| 25:42 | Create | Knight ×5 |
| 25:42 | Create | Knight ×5 |
| 25:49 | Create | Cavalry Archer ×5 |
| 25:50 | Create | Cavalry Archer ×5 |
| 25:50 | Create | Cavalry Archer ×5 |
| 25:50 | Create | Cavalry Archer ×5 |
| 25:50 | Create | Cavalry Archer ×5 |
| 25:50 | Create | Cavalry Archer ×5 |
| 25:51 | Create | Cavalry Archer ×5 |
| 25:51 | Create | Cavalry Archer ×5 |
| 25:51 | Create | Cavalry Archer ×5 |
| 25:51 | Create | Cavalry Archer ×5 |
| 25:52 | Create | Cavalry Archer ×5 |
| 25:56 | Build | Stable |
| 25:57 | Build | Stable |
| 25:58 | Build | Stable |
| 25:59 | Build | Stable |
| 26:00 | Build | Stable |
| 26:01 | Build | Stable |
| 26:38 | Create | Knight ×5 |
| 26:38 | Create | Knight ×5 |
| 26:38 | Create | Knight ×5 |
| 26:39 | Create | Knight ×5 |
| 26:39 | Create | Knight ×5 |
| 26:39 | Create | Knight ×5 |
| 26:39 | Create | Knight ×5 |
| 26:39 | Create | Knight ×5 |
Build order — Sendrom
First 150 of 234 actions detected
| 18:36 | Build | Archery Range |
| 19:00 | Research | Cilician Fleet |
| 19:02 | Research | Bodkin Arrow |
| 19:02 | Research | Leather Archer Armor |
| 19:03 | Research | Iron Casting |
| 19:03 | Research | Chain Mail Armor |
| 19:03 | Research | Chain Barding Armor |
| 19:06 | Research | Ballistics |
| 19:07 | Research | Guard Tower (upgrade) |
| 19:08 | Research | Tech 909 |
| 19:08 | Research | Tech 908 |
| 19:09 | Research | Careening |
| 19:25 | Build | Monastery |
| 19:27 | Build | Monastery |
| 19:29 | Build | Monastery |
| 19:32 | Research | Crossbowman (upgrade) |
| 19:32 | Research | Elite Skirmisher (upgrade) |
| 19:47 | Build | Barracks |
| 20:10 | Build | Barracks |
| 20:14 | Research | Sanctity |
| 20:14 | Research | Devotion |
| 20:16 | Research | Redemption |
| 20:16 | Research | Atonement |
| 20:17 | Research | Fervor |
| 20:18 | Research | Herbal Medicine |
| 20:19 | Research | Heresy |
| 21:10 | Research | Long Swordsman (upgrade) |
| 21:10 | Research | Pikeman (upgrade) |
| 21:11 | Research | Arson |
| 21:12 | Research | Squires |
| 21:13 | Research | Gambesons |
| 21:20 | Create | Warrior Priest ×5 |
| 21:21 | Create | Warrior Priest ×5 |
| 21:21 | Create | Warrior Priest ×5 |
| 21:22 | Create | Warrior Priest ×5 |
| 21:22 | Create | Warrior Priest ×5 |
| 21:23 | Create | Warrior Priest ×4 |
| 21:37 | Build | Barracks |
| 21:40 | Build | Barracks |
| 22:49 | Research | Halberdier (upgrade) |
| 22:50 | Research | Two-Handed Swordsman (upgrade) |
| 22:54 | Create | Spearman ×5 |
| 22:54 | Create | Spearman ×5 |
| 22:54 | Create | Spearman ×5 |
| 22:55 | Create | Spearman ×5 |
| 22:55 | Create | Spearman ×5 |
| 22:56 | Create | Spearman ×5 |
| 22:56 | Create | Spearman ×5 |
| 23:09 | Build | Barracks |
| 23:11 | Build | Barracks |
| 23:12 | Build | Barracks |
| 23:14 | Build | Barracks |
| 23:17 | Build | Barracks |
| 23:18 | Build | Barracks |
| 23:19 | Build | Barracks |
| 23:22 | Build | Barracks |
| 23:25 | Create | Spearman ×5 |
| 23:26 | Create | Spearman ×5 |
| 23:54 | Create | Spearman ×5 |
| 23:54 | Create | Spearman ×5 |
| 23:54 | Create | Spearman ×5 |
| 23:55 | Create | Spearman ×5 |
| 23:55 | Create | Spearman ×3 |
| 24:18 | Build | Barracks |
| 24:20 | Build | Barracks |
| 24:40 | Research | Champion (upgrade) |
| 24:41 | Create | Spearman ×5 |
| 24:42 | Create | Spearman ×5 |
| 24:42 | Create | Spearman ×5 |
| 24:43 | Create | Spearman ×5 |
| 24:43 | Create | Spearman ×5 |
| 24:43 | Create | Spearman |
| 24:45 | Create | Spearman |
| 24:45 | Create | Spearman |
| 24:47 | Create | Spearman |
| 24:48 | Create | Spearman |
| 24:58 | Create | Archer ×5 |
| 24:58 | Create | Archer ×5 |
| 24:58 | Create | Archer ×5 |
| 24:59 | Create | Archer ×5 |
| 25:44 | Create | Warrior Priest ×5 |
| 25:44 | Create | Warrior Priest ×5 |
| 25:45 | Create | Warrior Priest ×5 |
| 25:45 | Create | Warrior Priest ×5 |
| 25:47 | Create | Spearman ×5 |
| 25:48 | Create | Spearman ×5 |
| 25:48 | Create | Spearman ×5 |
| 25:49 | Create | Spearman ×5 |
| 25:49 | Create | Spearman ×5 |
| 25:49 | Create | Spearman ×5 |
| 25:51 | Create | Militia ×5 |
| 25:51 | Create | Militia ×5 |
| 25:52 | Create | Militia ×5 |
| 25:52 | Create | Militia ×2 |
| 26:02 | Build | Barracks |
| 26:31 | Create | Skirmisher ×3 |
| 26:31 | Create | Skirmisher ×3 |
| 26:34 | Create | Warrior Priest ×5 |
| 26:34 | Create | Warrior Priest ×5 |
| 26:35 | Create | Warrior Priest ×5 |
| 26:35 | Create | Warrior Priest ×3 |
| 26:46 | Create | Militia ×5 |
| 26:46 | Create | Militia ×5 |
| 26:47 | Create | Militia ×5 |
| 26:47 | Create | Militia ×5 |
| 26:47 | Create | Militia ×5 |
| 26:48 | Create | Militia ×5 |
| 26:48 | Create | Militia ×5 |
| 27:41 | Create | Militia ×5 |
| 27:41 | Create | Militia ×5 |
| 27:42 | Create | Militia ×5 |
| 27:42 | Create | Militia ×5 |
| 27:42 | Create | Militia ×5 |
| 27:43 | Create | Militia ×5 |
| 27:45 | Create | Spearman ×5 |
| 27:46 | Create | Spearman ×5 |
| 27:46 | Create | Spearman ×3 |
| 27:48 | Create | Spearman ×5 |
| 27:48 | Create | Spearman ×5 |
| 27:49 | Create | Spearman ×5 |
| 27:49 | Create | Spearman ×5 |
| 28:50 | Create | Militia ×5 |
| 28:50 | Create | Militia ×5 |
| 28:51 | Create | Militia ×5 |
| 28:51 | Create | Militia ×5 |
| 28:52 | Create | Militia ×5 |
| 28:52 | Create | Militia ×5 |
| 28:52 | Create | Militia ×5 |
| 28:53 | Create | Militia ×5 |
| 29:14 | Create | Militia ×5 |
| 29:15 | Create | Militia ×5 |
| 29:15 | Create | Militia ×5 |
| 29:16 | Create | Militia ×5 |
| 29:16 | Create | Militia ×5 |
| 29:16 | Create | Militia ×5 |
| 29:17 | Create | Militia ×5 |
| 29:17 | Create | Militia ×5 |
| 29:30 | Create | Warrior Priest ×5 |
| 29:31 | Create | Warrior Priest ×5 |
| 29:31 | Create | Warrior Priest ×5 |
| 29:32 | Create | Warrior Priest ×5 |
| 29:32 | Create | Warrior Priest ×3 |
| 29:38 | Create | Militia ×5 |
| 29:38 | Create | Militia ×5 |
| 29:39 | Create | Militia ×5 |
| 29:39 | Create | Militia ×5 |
| 29:40 | Create | Militia ×5 |
| 29:40 | Create | Militia ×5 |
| 30:27 | Build | Monastery |
| 30:33 | Create | Militia ×5 |
Build order — veysipak
First 150 of 308 actions detected
| 7:46 | Build | Archery Range |
| 7:48 | Build | Archery Range |
| 8:05 | Build | Archery Range |
| 8:07 | Build | Archery Range |
| 8:10 | Build | Archery Range |
| 8:13 | Build | Archery Range |
| 8:15 | Build | Archery Range |
| 8:18 | Build | Archery Range |
| 8:42 | Build | Archery Range |
| 8:46 | Build | Archery Range |
| 8:48 | Build | Archery Range |
| 8:50 | Build | Archery Range |
| 8:52 | Build | Archery Range |
| 8:54 | Build | Archery Range |
| 8:56 | Build | Archery Range |
| 14:44 | Create | Archer ×5 |
| 14:44 | Create | Archer ×5 |
| 14:44 | Create | Archer ×5 |
| 14:45 | Create | Archer ×5 |
| 14:45 | Create | Archer ×5 |
| 14:45 | Create | Archer ×5 |
| 14:46 | Create | Archer ×5 |
| 14:46 | Create | Archer ×5 |
| 14:47 | Create | Archer ×5 |
| 14:47 | Create | Archer ×5 |
| 14:47 | Create | Archer ×5 |
| 14:48 | Create | Archer ×5 |
| 14:48 | Create | Archer ×5 |
| 14:48 | Create | Archer ×5 |
| 14:49 | Create | Archer ×5 |
| 14:49 | Create | Archer ×5 |
| 14:49 | Create | Archer ×5 |
| 14:58 | Build | Stable |
| 15:00 | Build | Stable |
| 15:01 | Build | Stable |
| 15:22 | Create | Archer ×5 |
| 15:23 | Create | Archer ×5 |
| 15:23 | Create | Archer ×5 |
| 15:23 | Create | Archer ×5 |
| 15:24 | Create | Archer ×5 |
| 15:24 | Create | Archer ×5 |
| 15:24 | Create | Archer ×5 |
| 15:25 | Create | Archer ×5 |
| 15:25 | Create | Archer ×5 |
| 15:25 | Create | Archer ×5 |
| 15:26 | Create | Archer ×5 |
| 15:26 | Create | Archer ×5 |
| 15:27 | Create | Archer ×5 |
| 15:27 | Create | Archer ×5 |
| 15:27 | Create | Archer ×5 |
| 15:28 | Create | Archer ×5 |
| 15:28 | Create | Archer ×5 |
| 15:28 | Create | Archer ×5 |
| 15:29 | Create | Archer ×5 |
| 15:29 | Create | Archer ×5 |
| 15:38 | Create | Archer ×5 |
| 15:38 | Create | Archer ×5 |
| 15:38 | Create | Archer ×5 |
| 15:39 | Create | Archer ×5 |
| 15:39 | Create | Archer ×5 |
| 15:39 | Create | Archer ×5 |
| 15:40 | Create | Archer ×5 |
| 15:40 | Create | Archer ×5 |
| 15:41 | Create | Archer ×3 |
| 16:10 | Create | Archer ×5 |
| 16:10 | Create | Archer ×5 |
| 16:11 | Create | Archer ×5 |
| 16:11 | Create | Archer ×2 |
| 17:50 | Create | Archer ×5 |
| 17:51 | Create | Archer ×5 |
| 17:51 | Create | Archer ×5 |
| 17:52 | Create | Archer ×5 |
| 17:52 | Create | Archer ×5 |
| 17:52 | Create | Archer ×5 |
| 17:53 | Create | Archer ×5 |
| 17:53 | Create | Archer ×5 |
| 17:59 | Build | Watch Tower |
| 18:01 | Build | Watch Tower |
| 18:02 | Build | Watch Tower |
| 20:25 | Create | Archer ×5 |
| 20:26 | Create | Archer ×5 |
| 20:26 | Create | Archer ×5 |
| 20:26 | Create | Archer ×5 |
| 20:27 | Create | Archer ×5 |
| 20:27 | Create | Archer ×5 |
| 20:28 | Create | Archer ×5 |
| 20:55 | Create | Archer ×5 |
| 20:55 | Create | Archer ×5 |
| 20:56 | Create | Archer ×5 |
| 20:56 | Create | Archer ×5 |
| 20:56 | Create | Archer ×5 |
| 20:57 | Create | Archer ×4 |
| 22:00 | Create | Archer ×5 |
| 22:01 | Create | Archer ×5 |
| 22:01 | Create | Archer ×5 |
| 22:01 | Create | Archer ×5 |
| 22:02 | Create | Archer ×5 |
| 22:02 | Create | Archer ×5 |
| 22:02 | Create | Archer ×3 |
| 22:04 | Create | Archer |
| 22:54 | Build | Watch Tower |
| 22:56 | Build | Watch Tower |
| 22:57 | Build | Watch Tower |
| 23:09 | Create | Archer ×5 |
| 23:09 | Create | Archer ×5 |
| 23:10 | Create | Archer ×5 |
| 23:10 | Create | Archer ×5 |
| 23:10 | Create | Archer ×5 |
| 23:11 | Create | Archer ×5 |
| 23:11 | Create | Archer ×5 |
| 23:51 | Research | Crossbowman (upgrade) |
| 23:58 | Research | Thumb Ring |
| 24:03 | Research | Bodkin Arrow |
| 24:04 | Research | Leather Archer Armor |
| 24:07 | Research | Ballistics |
| 24:08 | Research | Treadmill Crane |
| 24:09 | Research | Guard Tower (upgrade) |
| 24:11 | Research | Chain Barding Armor |
| 24:11 | Research | Chain Mail Armor |
| 24:11 | Research | Chain Barding Armor |
| 24:12 | Research | Chain Mail Armor |
| 24:16 | Research | Szlachta Privileges |
| 24:17 | Research | Szlachta Privileges |
| 24:27 | Create | Archer ×5 |
| 24:28 | Create | Archer ×5 |
| 24:28 | Create | Archer ×5 |
| 24:28 | Create | Archer ×5 |
| 24:29 | Create | Archer ×5 |
| 24:29 | Create | Archer ×5 |
| 25:04 | Create | Archer ×5 |
| 25:04 | Create | Archer ×5 |
| 25:05 | Create | Archer |
| 25:12 | Research | Crossbowman (upgrade) |
| 25:30 | Create | Archer ×5 |
| 25:30 | Create | Archer ×5 |
| 25:30 | Create | Archer ×5 |
| 25:31 | Create | Archer ×5 |
| 25:31 | Create | Archer ×3 |
| 25:31 | Create | Archer ×3 |
| 25:48 | Create | Archer ×5 |
| 25:49 | Create | Archer ×5 |
| 25:49 | Create | Archer ×5 |
| 25:49 | Create | Archer |
| 26:04 | Build | Archery Range |
| 26:05 | Build | Archery Range |
| 26:07 | Build | Archery Range |
| 26:12 | Build | Archery Range |
| 26:14 | Build | Archery Range |
| 26:17 | Build | Stable |
| 26:18 | Build | Stable |
Build order — Emperor Dan
First 150 of 455 actions detected
| 6:39 | Build | Stable |
| 6:41 | Build | Stable |
| 6:43 | Build | Stable |
| 6:56 | Build | Stable |
| 6:58 | Build | Stable |
| 9:12 | Build | Stable |
| 9:14 | Build | Stable |
| 9:15 | Build | Stable |
| 9:16 | Build | Stable |
| 10:30 | Research | Bloodlines |
| 11:43 | Research | Husbandry |
| 11:48 | Research | Great Wall |
| 11:53 | Create | Knight |
| 11:54 | Create | Knight |
| 11:54 | Create | Knight |
| 11:54 | Create | Knight |
| 11:55 | Create | Knight |
| 11:55 | Create | Knight |
| 11:55 | Create | Knight |
| 11:55 | Create | Knight |
| 11:56 | Create | Knight |
| 11:56 | Create | Knight |
| 11:56 | Create | Knight |
| 11:57 | Create | Knight |
| 11:58 | Create | Knight ×5 |
| 12:00 | Build | Stable |
| 12:31 | Create | Scout Cavalry |
| 12:32 | Create | Scout Cavalry |
| 12:32 | Create | Scout Cavalry |
| 12:40 | Create | Knight |
| 12:40 | Create | Knight |
| 12:41 | Create | Knight ×5 |
| 12:41 | Create | Knight ×5 |
| 13:08 | Create | Knight |
| 13:08 | Create | Knight |
| 13:09 | Create | Knight |
| 13:09 | Create | Knight |
| 13:09 | Create | Knight |
| 13:09 | Create | Knight |
| 13:10 | Create | Knight |
| 13:10 | Create | Knight |
| 13:10 | Create | Knight |
| 13:11 | Create | Knight |
| 13:11 | Create | Knight |
| 13:15 | Create | Knight ×5 |
| 13:15 | Create | Knight ×5 |
| 13:15 | Create | Knight ×5 |
| 13:16 | Create | Knight ×5 |
| 13:28 | Research | Chain Barding Armor |
| 13:28 | Research | Iron Casting |
| 13:28 | Research | Iron Casting |
| 13:32 | Create | Knight |
| 13:32 | Create | Knight |
| 13:33 | Create | Knight |
| 13:33 | Create | Knight |
| 13:33 | Create | Knight |
| 13:34 | Create | Knight |
| 13:34 | Create | Knight ×5 |
| 13:35 | Create | Knight ×5 |
| 13:35 | Create | Knight ×5 |
| 13:35 | Create | Knight ×5 |
| 13:36 | Create | Knight ×5 |
| 13:36 | Create | Knight ×5 |
| 13:36 | Create | Knight ×5 |
| 13:58 | Create | Knight ×5 |
| 13:59 | Create | Knight ×5 |
| 13:59 | Create | Knight ×5 |
| 13:59 | Create | Knight ×5 |
| 14:00 | Create | Knight ×5 |
| 14:00 | Create | Knight ×5 |
| 14:00 | Create | Knight ×5 |
| 14:01 | Create | Knight ×5 |
| 14:01 | Create | Knight ×5 |
| 14:01 | Create | Knight ×5 |
| 14:02 | Create | Knight ×5 |
| 14:02 | Create | Knight ×5 |
| 14:03 | Create | Knight ×5 |
| 14:03 | Create | Knight ×3 |
| 14:21 | Create | Knight |
| 14:22 | Create | Knight |
| 14:23 | Create | Knight |
| 14:24 | Create | Knight ×2 |
| 14:24 | Create | Knight |
| 14:25 | Create | Knight |
| 14:25 | Create | Knight |
| 14:25 | Create | Knight |
| 14:26 | Create | Knight |
| 14:26 | Create | Knight |
| 15:33 | Create | Knight |
| 15:34 | Create | Knight |
| 15:34 | Create | Knight |
| 15:34 | Create | Knight |
| 15:35 | Create | Knight |
| 15:35 | Create | Knight |
| 15:35 | Create | Knight |
| 15:36 | Create | Knight |
| 15:36 | Create | Knight |
| 15:36 | Create | Knight |
| 15:37 | Create | Knight |
| 15:37 | Create | Knight |
| 16:02 | Create | Knight ×5 |
| 16:02 | Create | Knight ×5 |
| 16:03 | Create | Knight ×5 |
| 16:03 | Create | Knight ×5 |
| 16:03 | Create | Knight ×5 |
| 16:04 | Create | Knight ×5 |
| 16:04 | Create | Knight ×5 |
| 16:04 | Create | Knight ×2 |
| 16:15 | Research | Bodkin Arrow |
| 16:15 | Research | Bodkin Arrow |
| 16:16 | Research | Leather Archer Armor |
| 16:16 | Research | Leather Archer Armor |
| 16:16 | Research | Chain Mail Armor |
| 16:57 | Build | Stable |
| 16:58 | Build | Stable |
| 17:35 | Create | Knight ×5 |
| 17:35 | Create | Knight ×5 |
| 17:35 | Create | Knight ×5 |
| 17:36 | Create | Knight ×5 |
| 17:36 | Create | Knight ×3 |
| 18:11 | Create | Knight ×5 |
| 18:12 | Create | Knight ×5 |
| 18:12 | Create | Knight ×5 |
| 18:13 | Create | Knight ×5 |
| 18:13 | Create | Knight ×5 |
| 18:13 | Create | Knight ×5 |
| 18:14 | Create | Knight ×5 |
| 18:24 | Create | Knight |
| 18:24 | Create | Knight ×2 |
| 18:25 | Create | Knight |
| 18:25 | Create | Knight |
| 18:26 | Create | Knight ×2 |
| 18:26 | Create | Knight ×3 |
| 18:26 | Create | Knight |
| 18:58 | Create | Knight ×5 |
| 18:58 | Create | Knight ×5 |
| 18:59 | Create | Knight ×5 |
| 18:59 | Create | Knight ×5 |
| 18:59 | Create | Knight ×5 |
| 19:00 | Create | Knight ×5 |
| 19:55 | Create | Knight ×5 |
| 19:57 | Research | Cavalier (upgrade) |
| 19:59 | Research | Plate Barding Armor |
| 20:00 | Research | Blast Furnace |
| 20:00 | Research | Blast Furnace |
| 20:01 | Research | Plate Mail Armor |
| 20:01 | Research | Bracer |
| 20:03 | Research | Ballistics |
| 20:04 | Research | Bombard Tower (upgrade) |
| 20:05 | Research | Arrowslits |
Build order — Snaags
122 actions detected in the replay
| 6:14 | Build | Archery Range |
| 7:30 | Create | Archer |
| 7:30 | Create | Archer |
| 7:30 | Create | Archer |
| 7:31 | Create | Archer |
| 7:31 | Create | Archer |
| 7:31 | Create | Archer |
| 7:34 | Create | Archer |
| 7:34 | Create | Archer |
| 7:34 | Create | Archer |
| 7:35 | Create | Archer |
| 7:35 | Create | Archer |
| 7:36 | Create | Archer |
| 7:36 | Create | Archer |
| 7:40 | Build | Archery Range |
| 8:25 | Build | Archery Range |
| 9:24 | Create | Archer ×5 |
| 9:25 | Create | Archer ×5 |
| 9:25 | Create | Archer ×5 |
| 9:25 | Create | Archer ×5 |
| 9:25 | Create | Archer ×5 |
| 9:31 | Build | Archery Range |
| 9:47 | Create | Archer ×5 |
| 10:14 | Create | Archer ×5 |
| 10:15 | Create | Archer ×5 |
| 11:14 | Create | Archer ×5 |
| 11:14 | Create | Archer ×5 |
| 11:15 | Create | Archer ×5 |
| 11:15 | Create | Archer ×5 |
| 11:45 | Create | Archer ×4 |
| 11:45 | Create | Archer ×4 |
| 12:01 | Create | Archer |
| 12:01 | Create | Archer |
| 13:15 | Research | Bodkin Arrow |
| 13:15 | Research | Leather Archer Armor |
| 13:18 | Research | Chain Barding Armor |
| 13:18 | Research | Iron Casting |
| 13:32 | Research | Crossbowman (upgrade) |
| 13:33 | Research | Thumb Ring |
| 15:02 | Research | Ballistics |
| 15:06 | Research | Chain Mail Armor |
| 15:22 | Create | Archer ×5 |
| 15:22 | Create | Archer ×5 |
| 15:22 | Create | Archer ×5 |
| 15:23 | Create | Archer ×5 |
| 15:23 | Create | Archer ×5 |
| 16:00 | Create | Archer ×5 |
| 16:00 | Create | Archer ×5 |
| 16:01 | Create | Archer ×5 |
| 16:10 | Build | Archery Range |
| 16:12 | Build | Archery Range |
| 16:40 | Research | Greek Fire |
| 17:27 | Create | Archer ×5 |
| 17:28 | Create | Archer ×5 |
| 18:11 | Build | Archery Range |
| 18:13 | Build | Archery Range |
| 18:15 | Create | Archer ×5 |
| 18:16 | Create | Archer ×5 |
| 18:42 | Create | Archer ×5 |
| 18:43 | Create | Archer ×5 |
| 18:43 | Create | Archer ×5 |
| 18:43 | Create | Archer ×5 |
| 18:44 | Create | Archer ×5 |
| 18:44 | Create | Archer ×5 |
| 18:44 | Create | Archer ×5 |
| 18:44 | Create | Archer ×5 |
| 20:41 | Build | Palisade Wall |
| 20:43 | Build | Palisade Wall |
| 20:51 | Build | Palisade Wall |
| 21:08 | Create | Archer ×5 |
| 21:09 | Create | Archer ×5 |
| 21:09 | Create | Archer ×5 |
| 21:45 | Build | Archery Range |
| 23:08 | Create | Archer ×5 |
| 23:08 | Create | Archer ×5 |
| 23:09 | Create | Archer ×5 |
| 23:09 | Create | Archer ×5 |
| 23:09 | Create | Archer ×5 |
| 23:16 | Create | Archer ×5 |
| 23:16 | Create | Archer ×5 |
| 24:19 | Build | Archery Range |
| 24:27 | Build | Archery Range |
| 25:57 | Create | Archer ×5 |
| 25:57 | Create | Archer ×5 |
| 25:58 | Create | Archer ×5 |
| 25:58 | Create | Archer ×5 |
| 26:53 | Create | Archer ×5 |
| 26:53 | Create | Archer ×5 |
| 26:54 | Create | Archer ×5 |
| 26:54 | Create | Archer ×5 |
| 26:54 | Create | Archer ×5 |
| 26:55 | Create | Archer ×5 |
| 26:55 | Create | Archer ×5 |
| 26:55 | Create | Archer ×5 |
| 26:55 | Create | Archer ×5 |
| 26:56 | Create | Archer ×5 |
| 27:51 | Research | Arbalester (upgrade) |
| 27:53 | Research | Bracer |
| 27:54 | Research | Ring Archer Armor |
| 29:10 | Create | Archer ×5 |
| 29:10 | Create | Archer ×5 |
| 29:39 | Build | Barracks |
| 30:07 | Research | Pikeman (upgrade) |
| 30:07 | Research | Squires |
| 30:09 | Research | Arson |
| 31:04 | Research | Halberdier (upgrade) |
| 31:26 | Create | Spearman ×5 |
| 31:26 | Create | Spearman ×5 |
| 31:26 | Create | Spearman ×5 |
| 31:27 | Create | Spearman ×5 |
| 33:09 | Create | Archer ×5 |
| 33:10 | Create | Archer ×5 |
| 33:10 | Create | Archer ×5 |
| 33:10 | Create | Archer ×5 |
| 33:11 | Create | Archer ×5 |
| 33:13 | Create | Archer ×5 |
| 33:13 | Create | Archer ×5 |
| 34:13 | Create | Spearman ×5 |
| 34:13 | Create | Spearman ×5 |
| 34:13 | Create | Spearman |
| 34:30 | Research | Conscription |
| 34:31 | Research | Logistica |
Build order — DeMeNtE_
First 150 of 669 actions detected
| 9:11 | Research | Bodkin Arrow |
| 9:11 | Research | Bodkin Arrow |
| 9:12 | Research | Ballistics |
| 9:13 | Research | Ballistics |
| 9:22 | Research | Eupseong |
| 9:56 | Research | Iron Casting |
| 9:57 | Research | Chain Mail Armor |
| 9:57 | Research | Chain Mail Armor |
| 9:58 | Research | Chain Barding Armor |
| 9:58 | Research | Chain Barding Armor |
| 9:58 | Research | Chain Barding Armor |
| 10:25 | Research | Treadmill Crane |
| 10:25 | Research | Treadmill Crane |
| 17:25 | Build | Archery Range |
| 17:27 | Build | Archery Range |
| 17:29 | Build | Archery Range |
| 17:31 | Build | Archery Range |
| 18:11 | Research | Thumb Ring |
| 18:12 | Research | Thumb Ring |
| 18:48 | Build | Stable |
| 19:14 | Research | Conscription |
| 19:14 | Research | Conscription |
| 19:15 | Research | Elite War Wagon (upgrade) |
| 19:15 | Research | Elite War Wagon (upgrade) |
| 19:16 | Research | Spies/Treason |
| 19:16 | Research | Spies/Treason |
| 19:17 | Research | Shinkichon |
| 19:17 | Research | Shinkichon |
| 19:18 | Research | Bracer |
| 19:19 | Research | Bracer |
| 19:19 | Research | Bracer |
| 19:20 | Research | Chemistry |
| 19:21 | Research | Chemistry |
| 19:22 | Research | Heavy Cavalry Archer (upgrade) |
| 19:22 | Research | Heavy Cavalry Archer (upgrade) |
| 19:23 | Research | Heavy Cavalry Archer (upgrade) |
| 19:27 | Create | Cavalry Archer |
| 19:27 | Create | Cavalry Archer |
| 19:27 | Create | Cavalry Archer |
| 19:28 | Create | Cavalry Archer |
| 19:28 | Create | Cavalry Archer |
| 19:28 | Create | Cavalry Archer |
| 19:28 | Create | Cavalry Archer |
| 19:29 | Create | Cavalry Archer |
| 19:29 | Create | Cavalry Archer |
| 19:29 | Create | Cavalry Archer |
| 19:30 | Create | Cavalry Archer |
| 20:15 | Create | Cavalry Archer |
| 20:15 | Create | Cavalry Archer |
| 20:15 | Create | Cavalry Archer |
| 20:16 | Create | Cavalry Archer |
| 20:16 | Create | Cavalry Archer |
| 20:16 | Create | Cavalry Archer |
| 20:17 | Create | Cavalry Archer |
| 20:17 | Create | Cavalry Archer |
| 20:18 | Create | Cavalry Archer |
| 20:18 | Create | Cavalry Archer |
| 20:22 | Build | Archery Range |
| 20:24 | Build | Archery Range |
| 20:26 | Build | Archery Range |
| 20:50 | Create | Cavalry Archer |
| 20:50 | Create | Cavalry Archer |
| 20:50 | Create | Cavalry Archer |
| 20:50 | Create | Cavalry Archer |
| 20:51 | Create | Cavalry Archer |
| 20:51 | Create | Cavalry Archer |
| 20:51 | Create | Cavalry Archer |
| 20:54 | Research | Light Cavalry (upgrade) |
| 20:54 | Research | Light Cavalry (upgrade) |
| 21:09 | Create | Cavalry Archer |
| 21:09 | Create | Cavalry Archer |
| 21:10 | Create | Cavalry Archer |
| 21:10 | Create | Cavalry Archer |
| 21:20 | Create | Cavalry Archer |
| 21:21 | Create | Cavalry Archer |
| 21:21 | Create | Cavalry Archer |
| 21:21 | Create | Cavalry Archer |
| 21:22 | Create | Cavalry Archer |
| 21:22 | Create | Cavalry Archer |
| 21:22 | Create | Cavalry Archer |
| 21:22 | Create | Cavalry Archer |
| 21:23 | Create | Cavalry Archer |
| 21:23 | Create | Cavalry Archer |
| 21:23 | Create | Cavalry Archer |
| 21:32 | Create | Cavalry Archer |
| 21:33 | Create | Cavalry Archer |
| 21:33 | Create | Cavalry Archer |
| 21:33 | Create | Cavalry Archer |
| 21:48 | Build | Archery Range |
| 21:50 | Build | Archery Range |
| 21:58 | Research | Siege Engineers |
| 21:58 | Research | Siege Engineers |
| 21:59 | Research | Careening |
| 22:00 | Research | Tech 908 |
| 22:00 | Research | Tech 908 |
| 22:00 | Research | Shipwright |
| 22:01 | Research | Shipwright |
| 22:01 | Research | Tech 909 |
| 22:01 | Research | Tech 909 |
| 22:02 | Research | Arrowslits |
| 22:03 | Research | Arrowslits |
| 22:03 | Research | Arrowslits |
| 22:04 | Research | Plate Mail Armor |
| 22:04 | Research | Plate Mail Armor |
| 22:17 | Create | Cavalry Archer |
| 22:18 | Create | Cavalry Archer |
| 22:18 | Create | Cavalry Archer |
| 22:18 | Create | Cavalry Archer |
| 22:18 | Create | Cavalry Archer |
| 22:19 | Create | Cavalry Archer |
| 22:19 | Create | Cavalry Archer |
| 22:19 | Create | Cavalry Archer |
| 22:19 | Create | Cavalry Archer |
| 22:20 | Create | Cavalry Archer |
| 22:20 | Create | Cavalry Archer |
| 22:20 | Create | Cavalry Archer |
| 22:21 | Create | Cavalry Archer |
| 22:21 | Create | Cavalry Archer |
| 23:01 | Create | Cavalry Archer |
| 23:01 | Create | Cavalry Archer |
| 23:01 | Create | Cavalry Archer |
| 23:02 | Create | Cavalry Archer |
| 23:12 | Build | Archery Range |
| 23:14 | Build | Archery Range |
| 23:16 | Build | Archery Range |
| 23:21 | Create | Cavalry Archer |
| 23:22 | Create | Cavalry Archer |
| 23:22 | Create | Cavalry Archer |
| 23:22 | Create | Cavalry Archer |
| 23:23 | Create | Cavalry Archer |
| 23:23 | Create | Cavalry Archer |
| 23:23 | Create | Cavalry Archer |
| 23:23 | Create | Cavalry Archer |
| 23:24 | Create | Cavalry Archer |
| 23:24 | Create | Cavalry Archer |
| 23:41 | Create | Cavalry Archer |
| 23:42 | Create | Cavalry Archer |
| 23:42 | Create | Cavalry Archer |
| 23:42 | Create | Cavalry Archer |
| 23:42 | Create | Cavalry Archer |
| 23:43 | Create | Cavalry Archer |
| 23:43 | Create | Cavalry Archer |
| 23:43 | Create | Cavalry Archer |
| 23:43 | Create | Cavalry Archer |
| 23:44 | Create | Cavalry Archer |
| 23:44 | Create | Cavalry Archer |
| 23:44 | Create | Cavalry Archer |
| 23:44 | Create | Cavalry Archer |
| 23:45 | Create | Cavalry Archer |
| 23:45 | Create | Cavalry Archer |
Build order — Polluelin
First 150 of 284 actions detected
| 11:20 | Build | Stable |
| 11:22 | Build | Stable |
| 11:25 | Build | Stable |
| 11:28 | Build | Stable |
| 13:06 | Research | Bloodlines |
| 13:57 | Research | Chain Barding Armor |
| 13:58 | Research | Iron Casting |
| 13:58 | Research | Chain Mail Armor |
| 13:59 | Research | Bodkin Arrow |
| 13:59 | Research | Leather Archer Armor |
| 14:02 | Research | Ballistics |
| 14:03 | Research | Guard Tower (upgrade) |
| 14:14 | Build | Stable |
| 14:15 | Build | Stable |
| 14:17 | Build | Stable |
| 14:20 | Build | Stable |
| 14:22 | Build | Stable |
| 14:23 | Build | Stable |
| 14:26 | Build | Stable |
| 14:27 | Build | Stable |
| 14:30 | Build | Stable |
| 14:32 | Build | Stable |
| 14:34 | Build | Stable |
| 14:35 | Build | Stable |
| 14:37 | Build | Stable |
| 15:15 | Research | Husbandry |
| 15:17 | Create | Knight ×5 |
| 15:17 | Create | Knight ×5 |
| 15:17 | Create | Knight ×5 |
| 15:17 | Create | Knight ×5 |
| 15:18 | Create | Knight ×5 |
| 15:18 | Create | Knight ×5 |
| 15:19 | Create | Knight ×5 |
| 16:08 | Create | Knight ×5 |
| 16:09 | Create | Knight ×5 |
| 16:09 | Create | Knight ×5 |
| 16:09 | Create | Knight ×5 |
| 16:10 | Create | Knight ×5 |
| 16:10 | Create | Knight ×5 |
| 16:11 | Create | Knight ×5 |
| 16:11 | Create | Knight ×5 |
| 16:11 | Create | Knight ×5 |
| 16:12 | Create | Knight ×5 |
| 17:06 | Create | Knight ×5 |
| 17:06 | Create | Knight ×5 |
| 17:06 | Create | Knight ×5 |
| 17:07 | Create | Knight ×5 |
| 17:07 | Create | Knight ×5 |
| 17:07 | Create | Knight ×5 |
| 17:07 | Create | Knight ×5 |
| 17:08 | Create | Knight ×5 |
| 17:08 | Create | Knight ×5 |
| 17:29 | Create | Knight ×5 |
| 17:29 | Create | Knight ×5 |
| 17:30 | Create | Knight ×5 |
| 17:30 | Create | Knight ×5 |
| 17:30 | Create | Knight ×5 |
| 17:31 | Create | Knight ×5 |
| 17:31 | Create | Knight ×5 |
| 17:31 | Create | Knight ×5 |
| 17:32 | Create | Knight ×5 |
| 17:32 | Create | Knight ×5 |
| 17:32 | Create | Knight ×5 |
| 17:32 | Create | Knight ×5 |
| 17:33 | Create | Knight ×3 |
| 17:54 | Create | Knight ×5 |
| 17:55 | Create | Knight ×3 |
| 17:55 | Create | Knight ×3 |
| 17:56 | Create | Knight |
| 17:56 | Create | Knight |
| 17:56 | Create | Knight |
| 18:23 | Create | Knight ×5 |
| 18:24 | Create | Knight ×5 |
| 18:24 | Create | Knight ×5 |
| 18:26 | Create | Knight |
| 21:32 | Create | Knight ×5 |
| 21:33 | Create | Knight ×5 |
| 21:33 | Create | Knight ×5 |
| 21:33 | Create | Knight ×5 |
| 21:34 | Create | Knight ×5 |
| 21:34 | Create | Knight ×5 |
| 21:34 | Create | Knight ×5 |
| 22:35 | Create | Knight ×5 |
| 22:35 | Create | Knight ×5 |
| 22:35 | Create | Knight ×5 |
| 22:35 | Create | Knight ×5 |
| 22:36 | Create | Knight ×5 |
| 22:36 | Create | Knight ×5 |
| 22:36 | Create | Knight ×5 |
| 22:37 | Create | Knight ×5 |
| 22:37 | Create | Knight ×5 |
| 22:37 | Create | Knight ×5 |
| 22:37 | Create | Knight ×5 |
| 22:38 | Create | Knight ×5 |
| 23:13 | Create | Knight ×5 |
| 23:13 | Create | Knight ×5 |
| 23:14 | Create | Knight ×5 |
| 23:14 | Create | Knight ×5 |
| 23:14 | Create | Knight ×5 |
| 23:15 | Create | Knight ×5 |
| 23:15 | Create | Knight ×5 |
| 23:15 | Create | Knight ×5 |
| 23:15 | Create | Knight ×5 |
| 23:24 | Build | Stable |
| 23:26 | Build | Stable |
| 23:28 | Build | Stable |
| 23:45 | Build | Stable |
| 23:47 | Build | Stable |
| 23:48 | Build | Stable |
| 23:57 | Build | Stable |
| 23:58 | Build | Stable |
| 24:00 | Build | Stable |
| 24:10 | Create | Knight ×5 |
| 24:10 | Create | Knight ×5 |
| 24:10 | Create | Knight ×5 |
| 24:11 | Create | Knight ×5 |
| 24:11 | Create | Knight ×5 |
| 24:11 | Create | Knight ×5 |
| 24:11 | Create | Knight ×5 |
| 24:12 | Create | Knight ×5 |
| 24:15 | Create | Knight ×5 |
| 24:15 | Create | Knight ×5 |
| 24:16 | Create | Knight ×5 |
| 24:16 | Create | Knight ×5 |
| 24:16 | Create | Knight ×5 |
| 24:35 | Create | Knight ×5 |
| 24:36 | Create | Knight ×5 |
| 24:36 | Create | Knight ×5 |
| 24:36 | Create | Knight ×5 |
| 24:36 | Create | Knight ×5 |
| 24:37 | Create | Knight ×5 |
| 24:37 | Create | Knight ×5 |
| 24:37 | Create | Knight ×5 |
| 24:38 | Create | Knight ×5 |
| 24:38 | Create | Knight ×5 |
| 24:38 | Create | Knight ×5 |
| 25:48 | Create | Knight ×5 |
| 25:48 | Create | Knight ×5 |
| 25:48 | Create | Knight ×5 |
| 25:49 | Create | Knight ×5 |
| 25:49 | Create | Knight ×5 |
| 25:49 | Create | Knight ×5 |
| 26:29 | Create | Knight ×5 |
| 26:29 | Create | Knight ×5 |
| 26:29 | Create | Knight ×5 |
| 26:36 | Build | Stable |
| 26:38 | Build | Stable |
| 26:41 | Build | Stable |
| 27:04 | Create | Knight ×5 |
| 27:04 | Create | Knight ×5 |
Match timeline
| 5:01 | StarL0902 · first_building Stable |
| 5:12 | StarL0902 · first_building Archery Range |
| 6:14 | Snaags · first_building Archery Range |
| 6:39 | Emperor Dan · first_building Stable |
| 7:46 | veysipak · first_building Archery Range |
| 9:34 | Zorack · first_building Stable |
| 9:39 | Zorack · first_building Archery Range |
| 11:20 | Polluelin · first_building Stable |
| 14:58 | veysipak · first_building Stable |
| 17:25 | DeMeNtE_ · first_building Archery Range |
| 18:36 | Sendrom · first_building Archery Range |
| 18:48 | DeMeNtE_ · first_building Stable |
| 19:25 | Sendrom · first_building Monastery |
| 19:47 | Sendrom · first_building Barracks |
| 20:41 | Snaags · wall_segment Palisade Wall x1 |
| 20:43 | Snaags · wall_segment Palisade Wall x1 |
| 20:51 | Snaags · wall_segment Palisade Wall x1 |
| 24:14 | DeMeNtE_ · first_building Barracks |
| 25:45 | Emperor Dan · first_building Archery Range |
| 29:39 | Snaags · first_building Barracks |
| 30:24 | Zorack · first_building Siege Workshop |
| 32:48 | Emperor Dan · first_building Siege Workshop |
| 34:32 | Zorack · wall_segment Stone Wall x2 |
| 35:09 | Emperor Dan · resign |
[ AI ANALYSIS · 1 CREDIT ]
What really happened in this match?
Wolo.gg analyzes every decision: build order, eco, micro, common mistakes by bracket. Personalized analysis on WhatsApp or Discord in 30 seconds.
Civ guide
Magyars
Perfil
Jugador #9752138